 Dungeon Crawl Stone Soup version 0.29.1-1-gd02db6906a (webtiles) character file.

Game seed: 2224587819648005680

184 raph the Sneak (level 5, -4/28 HPs)
             Began as a Vampire Enchanter on Oct 18, 2022.
             Killed from afar by Natasha (11 damage)
             ... with a puff of flame
             ... on level 3 of the Dungeon.
             The game lasted 00:06:20 (3115 turns).

raph the Sneak (Vampire Enchanter)                  Turns: 3115, Time: 00:06:20

Health: -4/28      AC:  2    Str:  7    XL:     5   Next: 36%
Magic:  6/9        EV: 13    Int: 18    God:
Gold:   37         SH:  0    Dex: 16    Spells: 4/9 levels left

rFire   . . .      SeeInvis +   a - +1 dagger
rCold   + + .      Faith    .   (no shield)
rNeg    + + +      Spirit   .   b - +0 robe
rPois   ∞          Reflect  .   (no helmet)
rElec   .          Harm     .   (no cloak)
rCorr   .          Rampage  .   (no gloves)
Will    .....                   (no boots)
Stlth   +++++.....              (no amulet)
HPRegen 0.00/turn               (no ring)
MPRegen 0.11/turn               (no ring)

@: bloodless, inhibited regen
A: bloodless, fangs 3, see invisible, vampiric 2
a: Bat Form, Revivify


You were on level 3 of the Dungeon.
You visited 1 branch of the dungeon, and saw 3 of its levels.

You collected 37 gold pieces.

Inventory:

Hand Weapons
 a - a +1 dagger (weapon)
Armour
 b - a +0 robe (worn)
Magical Staves
 h - a staff of death
Scrolls
 e - a scroll of identify
 m - a scroll of vulnerability {unknown}
Potions
 c - 2 potions of invisibility
 d - a potion of ambrosia {unknown}
 f - a potion of mutation
 g - a potion of attraction
 i - a potion of brilliance {unknown}
 j - a potion of heal wounds {unknown}
 k - 2 potions of haste
 l - a potion of lignification {unknown}


   Skills:
 * Level 3.5 Short Blades
 + Level 3.1 Dodging
 + Level 5.5 Stealth
 + Level 2.7 Spellcasting
 + Level 5.4 Hexes


You had 4 spell levels left.
You knew the following spells:

 Your Spells              Type           Power      Damage    Failure   Level
a - Ensorcelled Hibernat  Hex/Ice        24%        N/A       9%          2
b - Tukima's Dance        Hex            22%        N/A       5%          3

Your spell library contained the following spells:

 Spells                   Type           Power      Damage    Failure   Level
 Confusing Touch          Hex            22%        N/A       5%          3
 Dazzling Flash           Conj/Hex       24%        N/A       17%         3


Dungeon Overview and Level Annotations

Branches:
Dungeon (3/15)

Altars:

Annotations:
D:3 Natasha


Innate Abilities, Weirdness & Mutations

You do not regenerate when monsters are visible.
You are frail without blood (-20% HP).
You can heal yourself when you bite living creatures.
You are immune to poison.
You have razor-sharp teeth.
You have supernaturally acute eyesight. (SInv)
You are afflicted with vampirism and can become a bat while bloodless.


Message History

Natasha stares at you and mumbles some strange words.
The magic dart hits you.
Casting: Ensorcelled Hibernation (safe; 9% risk of failure)
Confirm with . or Enter, or press ? or * to list all spells.
Aiming: Ensorcelled Hibernation (safe; 9% risk of failure)
Press: ? - help, Shift-Dir - straight line, f - Natasha
Aim: Natasha, carrying a wand of flame (15) (chance to affect: 46%) Natasha resists with some effort.
Casting: Ensorcelled Hibernation (safe; 9% risk of failure)
Confirm with . or Enter, or press ? or * to list all spells.
Aiming: Ensorcelled Hibernation (safe; 9% risk of failure)
Press: ? - help, Shift-Dir - straight line, f/p - Natasha
Aim: Natasha, carrying a wand of flame (15) (chance to affect: 46%) Natasha looks drowsy...
Natasha hisses angrily.
Natasha zaps a wand.
The puff of flame hits you.
You hit Natasha.
Natasha is moderately wounded.
Natasha zaps a wand.
The puff of flame hits you.
Casting: Ensorcelled Hibernation (safe; 9% risk of failure)
Confirm with . or Enter, or press ? or * to list all spells.
Aiming: Ensorcelled Hibernation (safe; 9% risk of failure)
Press: ? - help, Shift-Dir - straight line, f - you, p - Natasha That would be overly suicidal.
Okay, then.
Unknown command.
You hit Natasha but do no damage.
Natasha is moderately wounded.
Natasha barely misses you.
You hit Natasha.
Natasha is heavily wounded.
You hit Natasha but do no damage. You bite Natasha.
You draw Natasha's blood!
You feel better.
Natasha is heavily wounded.
Natasha zaps a wand.
The puff of flame hits you!
* * * LOW HITPOINT WARNING * * *
You hit Natasha but do no damage.
Natasha is heavily wounded.
Natasha zaps a wand.
The puff of flame hits you!
You die...

#...............##.# .
##..................#..
#.....................#
#..:...........<...#...
#........[...........#
#.........#>....#..#.#
#.........#.#..#.....#.
#.............)#.#.....
#.....@...##÷#......##.
#......h........###.#..
#.........##..#.# ....
#...........÷...###.#..
##.^.....#.###......##.
#####..............#.....
##.....#......##......†.#
##.....................#.#
#...........÷...##.......##


You could see Natasha.

Vanquished Creatures
  Natasha (twice) (D:3)
  7 adders
  A worm (D:3)
  3 dart slugs
  An orc (D:3)
  4 endoplasms
  4 goblins
  7 hobgoblins
  A jackal (D:3)
  2 kobolds (D:1)
  4 quokkas
  9 ball pythons
  8 bats
  5 frilled lizards
  10 rats
68 creatures vanquished.

Notes
Turn   | Place    | Note
-------+----------+-------------------------------------------
     0 | D:1      | raph the Vampire Enchanter began the quest for the Orb.
     0 | D:1      | Reached XP level 1. HP: 13/13 MP: 3/3
   136 | D:1      | Found a faded altar of an unknown god.
   153 | D:1      | Reached XP level 2. HP: 3/19 MP: 5/5
   274 | D:1      | Learned a level 2 spell: Ensorcelled Hibernation
   879 | D:1      | Gained mutation: You are afflicted with vampirism and can
                  | become a bat while bloodless. [Vampire growth]
   879 | D:1      | Reached XP level 3. HP: 19/19 MP: 3/6
   883 | D:1      | Learned a level 3 spell: Tukima's Dance
  1371 | D:2      | Reached skill level 5 in Stealth
  1657 | D:2      | Reached XP level 4. HP: 24/24 MP: 4/7
  1727 | D:2      | Reached skill level 5 in Hexes
  2417 | D:3      | Noticed Natasha
  2956 | D:3      | Killed Natasha
  2957 | D:3      | Reached XP level 5. HP: 26/28 MP: 3/8
  3050 | D:3      | Noticed Natasha
  3058 | D:3      | Killed Natasha
  3103 | D:3      | Noticed Natasha
  3115 | D:3      | Killed from afar by Natasha

Illustrated notes

Levels and vault maps discovered:
D:1:      nagdon_arrival_zigzag_paths, layout_basic,
          dreamdust_ecumenical_altar_angels_and_demons, reono_crystal_passage
D:2:      layout_basic
D:3:      layout_rooms, minmay_fractal_squares_5, uniq_natasha

Skill      XL: |  1  2  3  4 |
---------------+-------------+-----
Short Blades   | 2 3 |  3.5
Stealth        | 5 |  5.5
Hexes          | 5 |  5.4
Dodging        | 3 |  3.1
Spellcasting   | |  2.7

Action                   |  1- 3 |  4- 6 || total
-------------------------+-------+-------++-------
Melee: Dagger            |    84 |    62 ||   146
       Bite              |     8 |     4 ||    12
       Punch             |       |     2 ||     2
 Cast: Ensorcelled Hiber |    26 |    32 ||    58
 Abil: Exsanguinate      |     1 |       ||     1
  Use: Scroll            |       |     4 ||     4
 Stab: Sleeping          |    28 |    18 ||    46
Armor: Robe              |    14 |    18 ||    32
Dodge: Dodged            |    42 |    49 ||    91
